Canucks vs Kings
Created - 12 novembre 2013 at 19:04
Goals
|
| Canucks |
1 |
3 |
2 |
6 |
| Kings |
1 |
2 |
0 |
3 |
|
Shots
|
| Canucks |
10 |
15 |
15 |
40 |
| Kings |
13 |
10 |
7 |
30 |
|
1st period
1. Kings , Derek Boogaard 3 (Adrian Aucoin, Anze Kopitar) at 16:01
2. Canucks , Peter Worrell 2 (Brent Sopel, Jiri Hudler) at 19:53
Penalties :
Sergei Gonchar (LAK) for Holding (Minor) at 8:58
2nd period
3. Canucks , Erik Christensen 1 (Clarke MacArthur, Zigmund Palffy) at 0:45
4. Canucks , Zigmund Palffy 2 (Erik Christensen, Clarke MacArthur) at 1:21
5. Canucks , Scott Niedermayer 2 (Jaromir Jagr) at 2:40
6. Kings , Alex Tanguay 3 (Derick Brassard) at 13:59
7. Kings , Patrick Kane 7 (Anze Kopitar) at 16:08 (PP)
Penalties :
Scott Niedermayer (Van) for Holding (Minor) at 16:00, Brent Sopel (Van) for Holding (Minor) at 17:15
3rd period
8. Canucks , Zigmund Palffy 3 (Clarke MacArthur, Mark Streit) at 2:22 (PP)
9. Canucks , Jaromir Jagr 6 (Scott Niedermayer, Jiri Hudler) at 15:57 (PP)
Penalties :
Jason Arnott (LAK) for Hooking (Minor) at 1:48, Chris Campoli (Van) for Slashing (Minor) at 6:14, Danny Richmond (LAK) for Interference (Minor) at 7:12, Guillaume Latendresse (LAK) for Holding (Minor) at 15:45, Derek Boogaard (LAK) for Fighting (Major) at 16:22, Peter Worrell (Van) for Fighting (Major) at 16:22, Derek Boogaard (LAK) for instigated a fight (Minor) at 16:22, Derek Boogaard (LAK) for instigated a fight (10 Minutes Misconduct) at 16:22
Goalie Stats
Jean-Sébastien Giguère (Van), 27 saves from 30 shots - (0,900), W, 2-0-0, 60:00 minutes
Antti Niemi (LAK), 12 saves from 16 shots - (0,750), L, 3-3-0, 22:40 minutes
Mike Brodeur (LAK), 22 saves from 24 shots - (0,917), 37:20 minutes
Players Stats for Canucks
Player Name G A P +/- PIM S H SB GA TA FO MP PP MP PK MP
------------------------------------------------------------------------------------
Brad Richardson 0 0 0 0 0 0 3 0 1 2 3/4 13:06 0:00 0:15
Brent Sopel 0 1 1 2 2 5 0 0 1 0 0/0 17:27 2:49 0:23
Brooks Orpik 0 0 0 2 0 1 0 0 0 1 0/0 18:39 2:49 1:12
Chris Campoli 0 0 0 -2 2 0 1 0 0 0 0/0 13:11 0:01 0:00
Clarke MacArthur 0 3 3 2 0 6 2 0 0 0 0/1 18:12 2:50 0:49
David Jones 0 0 0 -1 0 0 1 0 0 0 0/0 7:05 0:31 0:00
Dennis Seidenberg 0 0 0 0 0 0 0 0 0 1 0/0 5:09 0:00 0:16
Erik Christensen 1 1 2 2 0 2 2 0 0 1 9/16 16:56 2:34 0:00
Fabian Brunnstrom 0 0 0 0 0 2 0 1 1 0 1/1 13:30 0:00 0:34
Jaromir Jagr 1 1 2 0 0 6 2 1 1 2 5/11 27:44 2:58 2:16
Jiri Hudler 0 2 2 1 0 3 3 0 1 0 15/30 20:13 2:57 0:00
Mark Streit 0 1 1 2 0 2 2 0 2 0 0/0 27:57 2:53 1:53
Peter Worrell 1 0 1 1 5 3 0 1 0 0 0/1 22:03 1:46 2:16
Rickard Wallin 0 0 0 -1 0 0 0 0 0 0 2/2 5:41 0:00 0:00
Scott Niedermayer 1 1 2 2 2 4 1 2 0 2 0/0 23:45 2:53 1:45
Sheldon Keefe 0 0 0 0 0 1 0 0 2 0 1/2 14:14 0:45 0:00
Taylor Chorney 0 0 0 -2 0 0 0 1 0 1 0/0 13:52 0:00 0:41
Zigmund Palffy 2 1 3 2 0 5 2 1 0 0 0/0 17:06 2:44 0:00
Players Stats for Kings
Player Name G A P +/- PIM S H SB GA TA FO MP PP MP PK MP
------------------------------------------------------------------------------------
Adrian Aucoin 0 1 1 1 0 1 1 2 2 2 0/0 16:30 0:00 1:02
Alex Tanguay 1 0 1 1 0 1 1 0 1 0 0/1 11:43 0:00 1:02
Antti Miettinen 0 0 0 0 0 0 2 0 0 1 0/1 14:42 1:28 0:00
Anze Kopitar 0 2 2 -3 0 4 3 2 0 0 15/32 21:52 1:37 1:57
Brian McGrattan 0 0 0 0 0 1 1 0 0 0 0/0 9:06 0:00 0:00
Bryan McCabe 0 0 0 -1 0 0 0 0 0 0 0/0 15:22 1:03 0:12
Danny Richmond 0 0 0 -2 2 0 2 3 0 2 0/0 22:56 1:02 2:08
Derek Boogaard 1 0 1 -3 17 2 2 0 1 0 1/4 18:55 1:28 0:34
Derick Brassard 0 1 1 1 0 1 0 0 0 0 3/5 12:03 1:28 0:00
Guillaume Latendresse 0 0 0 0 2 6 1 1 0 0 0/0 15:06 1:37 0:00
Jason Arnott 0 0 0 0 2 0 2 0 2 2 10/18 16:13 0:00 3:00
Jay Bouwmeester 0 0 0 1 0 3 2 1 0 0 0/0 22:33 2:02 3:14
Jeff Schultz 0 0 0 -1 0 0 0 0 0 0 0/0 17:13 0:00 3:46
Jonas Hoglund 0 0 0 1 0 3 0 0 2 0 0/1 14:12 0:00 3:37
Patrick Kane 1 0 1 -3 0 3 1 2 0 0 0/1 21:05 1:37 1:14
Randy Robitaille 0 0 0 0 0 0 1 0 0 0 3/5 9:06 0:00 0:00
Sergei Gonchar 0 0 0 -2 2 4 3 1 1 2 0/0 25:29 2:02 1:02
Steve Regier 0 0 0 0 0 1 1 0 1 0 0/0 9:06 0:00 0:00
3 Stars
1 - Zigmund Palffy (Van)
2 - Clarke MacArthur (Van)
3 - Erik Christensen (Van)
Power Play
Canucks - 2 on 5 Attempt(s) - 40,00%
Kings - 1 on 3 Attempt(s) - 33,33%
Penalty Kill
Canucks - 2 on 3 Attempt(s) - 66,67%
- Score 0 goal in Penalty Kill
Kings - 3 on 5 Attempt(s) - 60,00%
- Score 0 goal in Penalty Kill
Official
Referees : Jackson Dave and Kozari Steve
Linesman : Shane Heyer and Brian Murphy
Game Notes
Mike Brodeur enters game at 2:40 of 2nd period
Peter Worrell beats up Derek Boogaard at 16:22 of 3rd period
Finance
Level 1 -- Attendance: 5201 (86,68%) -- Ticket Income 390 075 $
Level 2 -- Attendance: 5000 (100,00%) -- Ticket Income 250 000 $
Level 3 -- Attendance: 1243 (62,15%) -- Ticket Income 49 720 $
Level 4 -- Attendance: 2671 (66,78%) -- Ticket Income 66 775 $
Luxury Box -- Attendance: 916 (91,60%) -- Ticket Income 114 500 $
Game was played at the Staples Center
Total Attendance: 15031 (83,51%)
Total Ticket Income: 871 070 $
Other Income: 130 660 $
Total Income: 1 001 730 $
Canucks
5 vs 5 Forward
Center Left Wing Right Wing Time % Phy DF OF
1 Jiri Hudler Peter Worrell Jaromir Jagr 51 1 2 2
2 Erik Christensen Clarke MacArthur Zigmund Palffy 30 1 2 2
3 Brad Richardson Fabian Brunnstrom Sheldon Keefe 15 1 2 2
4 Rickard Wallin Jaromir Jagr David Jones 4 1 2 2
5 vs 5 Defense
Defense Defense Time % Phy DF OF
1 Mark Streit Scott Niedermayer 40 1 2 2
2 Brent Sopel Brooks Orpik 30 1 2 2
3 Chris Campoli Taylor Chorney 20 1 2 2
4 Dennis Seidenberg Mark Streit 10 1 2 2
PowerPlay Forward
Center Left Wing Right Wing Time % Phy DF OF
1 Jiri Hudler Peter Worrell Jaromir Jagr 60 1 2 2
2 Erik Christensen Clarke MacArthur Zigmund Palffy 40 1 2 2
PowerPlay Defense
Defense Defense Time % Phy DF OF
1 Mark Streit Scott Niedermayer 60 1 2 2
2 Brent Sopel Brooks Orpik 40 1 2 2
Penalty Kill 4 Players Forward
Center Wing Time % Phy DF OF
1 Jaromir Jagr Peter Worrell 60 1 2 2
2 Clarke MacArthur Fabian Brunnstrom 40 1 2 2
Penalty Kill 4 Players Defense
Defense Defense Time % Phy DF OF
1 Mark Streit Scott Niedermayer 60 1 2 2
2 Brent Sopel Brooks Orpik 40 1 2 2
Penalty Kill - 3 Players Forward
Forward Time % Phy DF OF
1 Jaromir Jagr 60 1 2 2
2 Peter Worrell 40 1 2 2
Penalty Kill - 3 Players Defense
Defense Defense Time % Phy DF OF
1 Mark Streit Scott Niedermayer 60 1 2 2
2 Brent Sopel Brooks Orpik 40 1 2 2
4 vs 4 Forward
Center Wing Time % Phy DF OF
1 Jaromir Jagr Peter Worrell 60 1 2 2
2 Clarke MacArthur Fabian Brunnstrom 40 1 2 2
4 vs 4 Defense
Defense Defense Time % Phy DF OF
1 Mark Streit Scott Niedermayer 60 1 2 2
2 Brent Sopel Brooks Orpik 40 1 2 2
Last Minutes Offensive
Center Left Wing Right Wing Defense Defense
Jiri Hudler Peter Worrell Jaromir Jagr Mark Streit Scott Niedermayer
Last Minutes Defensive
Center Left Wing Right Wing Defense Defense
Jiri Hudler Peter Worrell Jaromir Jagr Mark Streit Scott Niedermayer
Goaltenders
Starting : Jean-Sébastien Giguère
Backup : Carey Price
Extra Forwards
Normal : Sheldon Keefe, David Jones, Brad Richardson - PP : Sheldon Keefe, David Jones - PK : Brad Richardson
Extra Defensemen
Normal : Chris Campoli, Taylor Chorney, Dennis Seidenberg - PP : Chris Campoli - PK : Taylor Chorney, Dennis Seidenberg
Penalty Shots
Jaromir Jagr, Peter Worrell, Clarke MacArthur, Fabian Brunnstrom, Zigmund Palffy
Kings
5 vs 5 Forward
Center Left Wing Right Wing Time % Phy DF OF
1 Anze Kopitar Derek Boogaard Patrick Kane 40 1 2 2
2 Jason Arnott Guillaume Latendresse Antti Miettinen 30 1 2 2
3 Derick Brassard Alex Tanguay Jonas Hoglund 25 1 2 2
4 Randy Robitaille Steve Regier Brian McGrattan 5 1 2 2
5 vs 5 Defense
Defense Defense Time % Phy DF OF
1 Sergei Gonchar Danny Richmond 40 1 2 2
2 Jay Bouwmeester Adrian Aucoin 30 1 2 2
3 Jeff Schultz Bryan McCabe 25 1 2 2
4 Sergei Gonchar Jay Bouwmeester 5 1 2 2
PowerPlay Forward
Center Left Wing Right Wing Time % Phy DF OF
1 Anze Kopitar Guillaume Latendresse Patrick Kane 60 1 2 2
2 Derick Brassard Derek Boogaard Antti Miettinen 40 1 2 2
PowerPlay Defense
Defense Defense Time % Phy DF OF
1 Sergei Gonchar Jay Bouwmeester 60 1 2 2
2 Danny Richmond Bryan McCabe 40 1 2 2
Penalty Kill 4 Players Forward
Center Wing Time % Phy DF OF
1 Jason Arnott Jonas Hoglund 60 1 2 2
2 Anze Kopitar Derek Boogaard 40 1 2 2
Penalty Kill 4 Players Defense
Defense Defense Time % Phy DF OF
1 Jeff Schultz Jay Bouwmeester 60 1 2 2
2 Sergei Gonchar Danny Richmond 40 1 2 2
Penalty Kill - 3 Players Forward
Forward Time % Phy DF OF
1 Anze Kopitar 60 1 2 2
2 Jason Arnott 40 1 2 2
Penalty Kill - 3 Players Defense
Defense Defense Time % Phy DF OF
1 Sergei Gonchar Jay Bouwmeester 60 1 2 2
2 Danny Richmond Bryan McCabe 40 1 2 2
4 vs 4 Forward
Center Wing Time % Phy DF OF
1 Anze Kopitar Patrick Kane 60 1 2 2
2 Jason Arnott Derek Boogaard 40 1 2 2
4 vs 4 Defense
Defense Defense Time % Phy DF OF
1 Sergei Gonchar Jay Bouwmeester 60 1 2 2
2 Danny Richmond Bryan McCabe 40 1 2 2
Last Minutes Offensive
Center Left Wing Right Wing Defense Defense
Anze Kopitar Guillaume Latendresse Patrick Kane Sergei Gonchar Adrian Aucoin
Last Minutes Defensive
Center Left Wing Right Wing Defense Defense
Anze Kopitar Derek Boogaard Jonas Hoglund Jeff Schultz Jay Bouwmeester
Goaltenders
Starting : Antti Niemi
Backup : Mike Brodeur
Extra Forwards
Normal : Patrick Kane, Guillaume Latendresse, Brian McGrattan - PP : Derek Boogaard, Jason Arnott - PK : Patrick Kane
Extra Defensemen
Normal : Adrian Aucoin, Jeff Schultz, Danny Richmond - PP : Adrian Aucoin - PK : Jeff Schultz, Adrian Aucoin
Penalty Shots
Anze Kopitar, Patrick Kane, Jason Arnott, Guillaume Latendresse, Antti Miettinen
% Time on Ice - Canucks
Lines # - Real PCT - Wanted PCT - Time Play
Normal Forward
1 - 34% - 51% - 17:18
2 - 29% - 30% - 14:22
3 - 26% - 15% - 12:51
4 - 11% - 4% - 5:41
Normal Defense
1 - 36% - 40% - 18:07
2 - 29% - 30% - 14:38
3 - 26% - 20% - 13:11
4 - 8% - 10% - 4:16
PP Forward
1 - 55% - 60% - 3:08
2 - 45% - 40% - 2:34
PP Defense
1 - 51% - 60% - 2:53
2 - 49% - 40% - 2:49
PK Forward
1 - 82% - 60% - 2:31
2 - 18% - 40% - 0:34
PK Defense
1 - 61% - 60% - 1:53
2 - 39% - 40% - 1:12
PK3 Forward
1 - 0% - 60%
2 - 0% - 40%
PK3 Defense
1 - 0% - 60%
2 - 0% - 40%
44 Forward
1 - 100% - 60% - 1:01
2 - 0% - 40% - 0:00
44 Defense
1 - 100% - 60% - 1:01
2 - 0% - 40% - 0:00
Last Minute Offensive - 0:00
Last Minute Defensive - 0:00
Total
Forward - 60:00
Defense - 60:00
|
% Time on Ice - Kings
Lines # - Real PCT - Wanted PCT - Time Play
Normal Forward
1 - 34% - 40% - 17:18
2 - 26% - 30% - 13:14
3 - 21% - 25% - 10:34
4 - 18% - 5% - 9:06
Normal Defense
1 - 40% - 40% - 20:03
2 - 31% - 30% - 15:27
3 - 27% - 25% - 13:31
4 - 2% - 5% - 1:11
PP Forward
1 - 52% - 60% - 1:37
2 - 48% - 40% - 1:28
PP Defense
1 - 66% - 60% - 2:02
2 - 34% - 40% - 1:03
PK Forward
1 - 82% - 60% - 4:41
2 - 18% - 40% - 1:01
PK Defense
1 - 57% - 60% - 3:14
2 - 43% - 40% - 2:28
PK3 Forward
1 - 0% - 60%
2 - 0% - 40%
PK3 Defense
1 - 0% - 60%
2 - 0% - 40%
44 Forward
1 - 100% - 60% - 1:01
2 - 0% - 40% - 0:00
44 Defense
1 - 87% - 60% - 0:53
2 - 13% - 40% - 0:08
Last Minute Offensive - 0:00
Last Minute Defensive - 0:00
Total
Forward - 60:00
Defense - 60:00
|
Play by Play
1st period
0:01 of 1st period - Jiri Hudler wins face-off versus Anze Kopitar in neutral zone.
0:12 of 1st period - Slapshot by Jaromir Jagr.
0:12 of 1st period - Stopped by Antti Niemi with a rebound.
0:26 of 1st period - Guillaume Latendresse is hit by Erik Christensen and loses puck.
0:47 of 1st period - Off-side.
0:48 of 1st period - Derick Brassard wins face-off versus Brad Richardson in neutral zone.
0:51 of 1st period - Snap shot by Jonas Hoglund.
0:51 of 1st period - Stopped by Jean-Sébastien Giguère with a rebound.
0:53 of 1st period - Slapshot by Jay Bouwmeester.
0:53 of 1st period - Stopped by Jean-Sébastien Giguère without a rebound.
0:54 of 1st period - Randy Robitaille wins face-off versus Jiri Hudler in Canucks zone.
0:58 of 1st period - Icing by Taylor Chorney.
0:59 of 1st period - Jiri Hudler wins face-off versus Randy Robitaille in Canucks zone.
2:07 of 1st period - Mark Streit is hit by Adrian Aucoin.
3:42 of 1st period - Wrist shot by Guillaume Latendresse.
3:42 of 1st period - Stopped by Jean-Sébastien Giguère with a rebound.
4:37 of 1st period - Jiri Hudler is hit by Brian McGrattan and loses puck.
4:46 of 1st period - Wrist shot by Brian McGrattan.
4:46 of 1st period - Stopped by Jean-Sébastien Giguère without a rebound.
4:47 of 1st period - Brad Richardson wins face-off versus Anze Kopitar in Canucks zone.
4:54 of 1st period - Slapshot by Brent Sopel.
4:54 of 1st period - Stopped by Antti Niemi without a rebound.
4:55 of 1st period - Brad Richardson wins face-off versus Anze Kopitar in Kings zone.
5:08 of 1st period - Slapshot by Brent Sopel.
5:08 of 1st period - Stopped by Antti Niemi with a rebound.
5:11 of 1st period - Icing by Sergei Gonchar.
5:12 of 1st period - Anze Kopitar wins face-off versus Jiri Hudler in Kings zone.
5:17 of 1st period - Snap shot by Sergei Gonchar.
5:17 of 1st period - Stopped by Jean-Sébastien Giguère without a rebound.
5:18 of 1st period - Jason Arnott wins face-off versus Jiri Hudler in Canucks zone.
5:19 of 1st period - Snap shot by Guillaume Latendresse.
5:19 of 1st period - Deflect By Antti Miettinen.
5:19 of 1st period - Shot Hit the Post.
5:19 of 1st period - Puck is out of play.
5:20 of 1st period - Jason Arnott wins face-off versus Jiri Hudler in Canucks zone.
5:50 of 1st period - Slapshot by Brent Sopel.
5:50 of 1st period - Shot Blocked by Patrick Kane.
5:52 of 1st period - Snap shot by Zigmund Palffy.
5:52 of 1st period - Stopped by Antti Niemi with a rebound.
5:56 of 1st period - Wrist shot by Clarke MacArthur.
5:56 of 1st period - Stopped by Antti Niemi with a rebound.
6:28 of 1st period - Antti Miettinen is hit by Jiri Hudler and loses puck.
6:44 of 1st period - Icing by Mark Streit.
6:45 of 1st period - Randy Robitaille wins face-off versus Erik Christensen in Canucks zone.
6:46 of 1st period - Snap shot by Steve Regier.
6:46 of 1st period - Stopped by Jean-Sébastien Giguère without a rebound.
6:47 of 1st period - Randy Robitaille wins face-off versus Erik Christensen in Canucks zone.
7:14 of 1st period - Bryan McCabe is hit by Chris Campoli.
8:19 of 1st period - Wrist shot by Steve Regier.
8:19 of 1st period - Shot Misses the Net.
8:21 of 1st period - Slapshot by Jay Bouwmeester.
8:21 of 1st period - Stopped by Jean-Sébastien Giguère with a rebound.
8:41 of 1st period - Slapshot by Sergei Gonchar.
8:41 of 1st period - Stopped by Jean-Sébastien Giguère with a rebound.
8:57 of 1st period - Slapshot by Mark Streit.
8:57 of 1st period - Shot Blocked by Sergei Gonchar.
8:58 of 1st period - Minor Penalty to Sergei Gonchar for Holding.
8:59 of 1st period - Jason Arnott wins face-off versus Jiri Hudler in Kings zone.
9:56 of 1st period - Jason Arnott is hit by Jiri Hudler and loses puck.
10:35 of 1st period - Jaromir Jagr is hit by Danny Richmond and loses puck.
10:52 of 1st period - Zigmund Palffy is hit by Alex Tanguay and loses puck.
10:58 of 1st period - Penalty to Sergei Gonchar is over, Sergei Gonchar is back on ice.
11:15 of 1st period - Snap shot by Steve Regier.
11:15 of 1st period - Shot Blocked by Fabian Brunnstrom.
11:41 of 1st period - Chris Campoli is hit by Anze Kopitar and loses puck.
12:18 of 1st period - Mark Streit is hit by Jason Arnott and loses puck.
12:31 of 1st period - Mark Streit is hit by Danny Richmond and loses puck.
12:52 of 1st period - Clarke MacArthur is hit by Jay Bouwmeester and loses puck.
13:03 of 1st period - Steve Regier is hit by Jiri Hudler and loses puck.
13:28 of 1st period - Alex Tanguay is hit by David Jones.
14:10 of 1st period - Peter Worrell is hit by Anze Kopitar and loses puck.
14:29 of 1st period - Brent Sopel is hit by Sergei Gonchar and loses puck.
15:49 of 1st period - Icing by Clarke MacArthur.
15:50 of 1st period - Jiri Hudler wins face-off versus Anze Kopitar in Canucks zone.
15:57 of 1st period - Slapshot by Anze Kopitar.
15:57 of 1st period - Stopped by Jean-Sébastien Giguère with a rebound.
15:59 of 1st period - Slapshot by Adrian Aucoin.
15:59 of 1st period - Shot Misses the Net.
16:01 of 1st period - Snap shot by Derek Boogaard.
16:01 of 1st period - Goal by Derek Boogaard - Canucks : 0 - Kings : 1.
16:02 of 1st period - Jiri Hudler wins face-off versus Anze Kopitar in neutral zone.
16:27 of 1st period - Patrick Kane is hit by Brad Richardson and loses puck.
16:36 of 1st period - Slapshot by Brent Sopel.
16:36 of 1st period - Stopped by Antti Niemi without a rebound.
16:37 of 1st period - Jason Arnott wins face-off versus Jiri Hudler in Kings zone.
16:48 of 1st period - Snap shot by Antti Miettinen.
16:48 of 1st period - Deflect By Guillaume Latendresse.
16:48 of 1st period - Stopped by Jean-Sébastien Giguère with a rebound.
16:53 of 1st period - Off-side.
16:54 of 1st period - Erik Christensen wins face-off versus Anze Kopitar in neutral zone.
16:56 of 1st period - Mark Streit is hit by Anze Kopitar.
17:30 of 1st period - Snap shot by Jaromir Jagr.
17:30 of 1st period - Deflect By Jiri Hudler.
17:30 of 1st period - Shot Blocked by Danny Richmond.
17:30 of 1st period - Puck is out of play.
17:31 of 1st period - Jiri Hudler wins face-off versus Derick Brassard in Kings zone.
17:43 of 1st period - Snap shot by Brent Sopel.
17:43 of 1st period - Shot Misses the Net.
17:57 of 1st period - Adrian Aucoin is hit by Erik Christensen and loses puck.
18:04 of 1st period - Snap shot by Clarke MacArthur.
18:04 of 1st period - Shot Misses the Net.
18:06 of 1st period - Snap shot by Erik Christensen.
18:06 of 1st period - Shot Misses the Net.
18:38 of 1st period - Icing by Sheldon Keefe.
18:39 of 1st period - Jiri Hudler wins face-off versus Alex Tanguay in Canucks zone.
18:46 of 1st period - Snap shot by Derick Brassard.
18:46 of 1st period - Stopped by Jean-Sébastien Giguère with a rebound.
18:48 of 1st period - Wrist shot by Alex Tanguay.
18:48 of 1st period - Deflect By Jonas Hoglund.
18:48 of 1st period - Shot Blocked by Peter Worrell.
18:48 of 1st period - Puck is out of play.
18:49 of 1st period - Anze Kopitar wins face-off versus Jiri Hudler in Canucks zone.
18:58 of 1st period - Snap shot by Derek Boogaard.
18:58 of 1st period - Stopped by Jean-Sébastien Giguère without a rebound.
18:59 of 1st period - Derek Boogaard wins face-off versus Jiri Hudler in Canucks zone.
19:19 of 1st period - Snap shot by Jaromir Jagr.
19:19 of 1st period - Shot Misses the Net.
19:21 of 1st period - Slapshot by Brooks Orpik.
19:21 of 1st period - Shot Blocked by Anze Kopitar.
19:23 of 1st period - Slapshot by Jiri Hudler.
19:23 of 1st period - Shot Misses the Net.
19:41 of 1st period - Snap shot by Jiri Hudler.
19:41 of 1st period - Stopped by Antti Niemi with a rebound.
19:43 of 1st period - Snap shot by Jiri Hudler.
19:43 of 1st period - Shot Misses the Net.
19:45 of 1st period - Wrist shot by Brent Sopel.
19:45 of 1st period - Stopped by Antti Niemi with a rebound.
19:47 of 1st period - Slapshot by Brent Sopel.
19:47 of 1st period - Stopped by Antti Niemi with a rebound.
19:49 of 1st period - Snap shot by Brent Sopel.
19:49 of 1st period - Shot Blocked by Danny Richmond.
19:51 of 1st period - Slapshot by Brent Sopel.
19:51 of 1st period - Shot Blocked by Danny Richmond.
19:53 of 1st period - Wrist shot by Peter Worrell.
19:53 of 1st period - Goal by Peter Worrell - Canucks : 1 - Kings : 1.
19:54 of 1st period - Jason Arnott wins face-off versus Erik Christensen in neutral zone.
2nd period
0:01 of 2nd period - Jason Arnott wins face-off versus Jiri Hudler in neutral zone.
0:34 of 2nd period - Backhand shot by Alex Tanguay.
0:34 of 2nd period - Shot Misses the Net.
0:36 of 2nd period - Slapshot by Alex Tanguay.
0:36 of 2nd period - Deflect By Jonas Hoglund.
0:36 of 2nd period - Shot Blocked by Zigmund Palffy.
0:36 of 2nd period - Puck is out of play.
0:37 of 2nd period - Erik Christensen wins face-off versus Anze Kopitar in Canucks zone.
0:37 of 2nd period - Erik Christensen is hit by Derek Boogaard.
0:45 of 2nd period - Wrist shot by Erik Christensen.
0:45 of 2nd period - Goal by Erik Christensen - Canucks : 2 - Kings : 1.
0:46 of 2nd period - Jason Arnott wins face-off versus Jiri Hudler in neutral zone.
1:17 of 2nd period - Snap shot by Clarke MacArthur.
1:17 of 2nd period - Stopped by Antti Niemi with a rebound.
1:19 of 2nd period - Snap shot by Erik Christensen.
1:19 of 2nd period - Shot Blocked by Patrick Kane.
1:21 of 2nd period - Backhand shot by Zigmund Palffy.
1:21 of 2nd period - Goal by Zigmund Palffy - Canucks : 3 - Kings : 1.
1:22 of 2nd period - Anze Kopitar wins face-off versus Jiri Hudler in neutral zone.
1:30 of 2nd period - Off-side.
1:31 of 2nd period - Jiri Hudler wins face-off versus Derek Boogaard in neutral zone.
1:34 of 2nd period - Slapshot by Scott Niedermayer.
1:34 of 2nd period - Stopped by Antti Niemi with a rebound.
1:36 of 2nd period - Wrist shot by Peter Worrell.
1:36 of 2nd period - Shot Misses the Net.
1:38 of 2nd period - Wrist shot by Mark Streit.
1:38 of 2nd period - Shot Misses the Net.
1:40 of 2nd period - Snap shot by Peter Worrell.
1:40 of 2nd period - Stopped by Antti Niemi with a rebound.
2:40 of 2nd period - Slapshot by Scott Niedermayer.
2:40 of 2nd period - Deflect By Anze Kopitar.
2:40 of 2nd period - Goal by Scott Niedermayer - Canucks : 4 - Kings : 1.
2:40 of 2nd period - Mike Brodeur enters game.
2:41 of 2nd period - Erik Christensen wins face-off versus Jason Arnott in neutral zone.
2:44 of 2nd period - Wrist shot by Clarke MacArthur.
2:44 of 2nd period - Stopped by Mike Brodeur without a rebound.
2:45 of 2nd period - Erik Christensen wins face-off versus Jason Arnott in Kings zone.
2:46 of 2nd period - Snap shot by Clarke MacArthur.
2:46 of 2nd period - Stopped by Mike Brodeur with a rebound.
3:34 of 2nd period - Slapshot by Brooks Orpik.
3:34 of 2nd period - Stopped by Mike Brodeur with a rebound.
4:44 of 2nd period - Bryan McCabe is hit by Zigmund Palffy and loses puck.
4:59 of 2nd period - Wrist shot by Jay Bouwmeester.
4:59 of 2nd period - Shot Misses the Net.
5:32 of 2nd period - Wrist shot by Fabian Brunnstrom.
5:32 of 2nd period - Shot Misses the Net.
5:34 of 2nd period - Snap shot by Sheldon Keefe.
5:34 of 2nd period - Shot Blocked by Adrian Aucoin.
5:36 of 2nd period - Slapshot by Taylor Chorney.
5:36 of 2nd period - Shot Blocked by Adrian Aucoin.
5:54 of 2nd period - Wrist shot by Fabian Brunnstrom.
5:54 of 2nd period - Stopped by Mike Brodeur without a rebound.
5:55 of 2nd period - Erik Christensen wins face-off versus Jason Arnott in Kings zone.
5:56 of 2nd period - Wrist shot by Zigmund Palffy.
5:56 of 2nd period - Stopped by Mike Brodeur with a rebound.
5:58 of 2nd period - Slapshot by Mark Streit.
5:58 of 2nd period - Deflect By Guillaume Latendresse.
5:58 of 2nd period - Stopped by Mike Brodeur without a rebound.
5:59 of 2nd period - Jason Arnott wins face-off versus Erik Christensen in Kings zone.
6:36 of 2nd period - Scott Niedermayer is hit by Sergei Gonchar and loses puck.
7:43 of 2nd period - Adrian Aucoin is hit by Brad Richardson and loses puck.
7:54 of 2nd period - Slapshot by Adrian Aucoin.
7:54 of 2nd period - Stopped by Jean-Sébastien Giguère without a rebound.
7:55 of 2nd period - Erik Christensen wins face-off versus Derick Brassard in Canucks zone.
8:18 of 2nd period - Jaromir Jagr is hit by Derek Boogaard and loses puck.
9:52 of 2nd period - Snap shot by Fabian Brunnstrom.
9:52 of 2nd period - Deflect By Sheldon Keefe.
9:52 of 2nd period - Stopped by Mike Brodeur with a rebound.
10:27 of 2nd period - Slapshot by Bryan McCabe.
10:27 of 2nd period - Shot Misses the Net.
10:29 of 2nd period - Snap shot by Jonas Hoglund.
10:29 of 2nd period - Stopped by Jean-Sébastien Giguère with a rebound.
10:58 of 2nd period - Patrick Kane is hit by Jaromir Jagr and loses puck.
11:19 of 2nd period - Wrist shot by Guillaume Latendresse.
11:19 of 2nd period - Stopped by Jean-Sébastien Giguère without a rebound.
11:20 of 2nd period - Anze Kopitar wins face-off versus Sheldon Keefe in Canucks zone.
12:02 of 2nd period - Slapshot by Patrick Kane.
12:02 of 2nd period - Stopped by Jean-Sébastien Giguère without a rebound.
12:03 of 2nd period - Jason Arnott wins face-off versus Erik Christensen in Canucks zone.
12:16 of 2nd period - Brooks Orpik is hit by Antti Miettinen and loses puck.
12:46 of 2nd period - Danny Richmond is hit by Mark Streit and loses puck.
12:53 of 2nd period - Jonas Hoglund is hit by Brad Richardson.
13:05 of 2nd period - Danny Richmond is hit by Scott Niedermayer and loses puck.
13:21 of 2nd period - Snap shot by Antti Miettinen.
13:21 of 2nd period - Deflect By Guillaume Latendresse.
13:21 of 2nd period - Stopped by Jean-Sébastien Giguère with a rebound.
13:37 of 2nd period - Snap shot by Brad Richardson.
13:37 of 2nd period - Shot Misses the Net.
13:57 of 2nd period - Snap shot by Alex Tanguay.
13:57 of 2nd period - Shot Blocked by Taylor Chorney.
13:59 of 2nd period - Wrist shot by Alex Tanguay.
13:59 of 2nd period - Goal by Alex Tanguay - Canucks : 4 - Kings : 2.
14:00 of 2nd period - Anze Kopitar wins face-off versus Jiri Hudler in neutral zone.
14:25 of 2nd period - Jason Arnott is hit by Clarke MacArthur and loses puck.
15:50 of 2nd period - Mark Streit is hit by Guillaume Latendresse and loses puck.
15:55 of 2nd period - Backhand shot by Guillaume Latendresse.
15:55 of 2nd period - Stopped by Jean-Sébastien Giguère without a rebound.
15:56 of 2nd period - Anze Kopitar wins face-off versus Erik Christensen in Canucks zone.
16:00 of 2nd period - Minor Penalty to Scott Niedermayer for Holding.
16:01 of 2nd period - Anze Kopitar wins face-off versus Jaromir Jagr in Canucks zone.
16:04 of 2nd period - Snap shot by Anze Kopitar.
16:04 of 2nd period - Stopped by Jean-Sébastien Giguère with a rebound.
16:06 of 2nd period - Snap shot by Patrick Kane.
16:06 of 2nd period - Deflect By Anze Kopitar.
16:06 of 2nd period - Stopped by Jean-Sébastien Giguère with a rebound.
16:08 of 2nd period - Wrist shot by Patrick Kane.
16:08 of 2nd period - Goal by Patrick Kane - Canucks : 4 - Kings : 3.
16:09 of 2nd period - Anze Kopitar wins face-off versus Jiri Hudler in neutral zone.
16:12 of 2nd period - Jaromir Jagr is hit by Sergei Gonchar and loses puck.
16:19 of 2nd period - Slapshot by Mark Streit.
16:19 of 2nd period - Shot Misses the Net.
16:21 of 2nd period - Backhand shot by Mark Streit.
16:21 of 2nd period - Stopped by Mike Brodeur without a rebound.
16:22 of 2nd period - Jiri Hudler wins face-off versus Anze Kopitar in Kings zone.
17:15 of 2nd period - Minor Penalty to Brent Sopel for Holding.
17:16 of 2nd period - Jaromir Jagr wins face-off versus Anze Kopitar in Canucks zone.
17:16 of 2nd period - Jaromir Jagr is hit by Jay Bouwmeester.
17:26 of 2nd period - Slapshot by Mark Streit.
17:26 of 2nd period - Deflect By Jaromir Jagr.
17:26 of 2nd period - Shot Blocked by Anze Kopitar.
17:26 of 2nd period - Puck is out of play.
17:27 of 2nd period - Anze Kopitar wins face-off versus Jaromir Jagr in Kings zone.
18:04 of 2nd period - Off-side.
18:05 of 2nd period - Derick Brassard wins face-off versus Clarke MacArthur in neutral zone.
18:08 of 2nd period - Fabian Brunnstrom is hit by Antti Miettinen and loses puck.
18:13 of 2nd period - Snap shot by Derick Brassard.
18:13 of 2nd period - Shot Blocked by Scott Niedermayer.
19:06 of 2nd period - Icing by Derick Brassard.
19:07 of 2nd period - Derick Brassard wins face-off versus Jaromir Jagr in Kings zone.
19:15 of 2nd period - Penalty to Brent Sopel is over, Brent Sopel is back on ice.
19:51 of 2nd period - Icing by Antti Miettinen.
19:52 of 2nd period - Jiri Hudler wins face-off versus Jason Arnott in Kings zone.
19:53 of 2nd period - Snap shot by Jaromir Jagr.
19:53 of 2nd period - Stopped by Mike Brodeur without a rebound.
19:54 of 2nd period - Anze Kopitar wins face-off versus Peter Worrell in Kings zone.
3rd period
0:01 of 3rd period - Anze Kopitar wins face-off versus Jiri Hudler in neutral zone.
0:14 of 3rd period - Wrist shot by Patrick Kane.
0:14 of 3rd period - Stopped by Jean-Sébastien Giguère with a rebound.
0:26 of 3rd period - Guillaume Latendresse is hit by Clarke MacArthur and loses puck.
0:37 of 3rd period - Wrist shot by Zigmund Palffy.
0:37 of 3rd period - Shot Blocked by Guillaume Latendresse.
0:39 of 3rd period - Snap shot by Erik Christensen.
0:39 of 3rd period - Stopped by Mike Brodeur with a rebound.
1:19 of 3rd period - Slapshot by Anze Kopitar.
1:19 of 3rd period - Shot Misses the Net.
1:31 of 3rd period - Erik Christensen is hit by Steve Regier and loses puck.
1:47 of 3rd period - Off-side.
1:48 of 3rd period - Rickard Wallin wins face-off versus Jason Arnott in neutral zone.
1:48 of 3rd period - Minor Penalty to Jason Arnott for Hooking.
1:49 of 3rd period - Jiri Hudler wins face-off versus Patrick Kane in Kings zone.
2:20 of 3rd period - Wrist shot by Zigmund Palffy.
2:20 of 3rd period - Stopped by Mike Brodeur with a rebound.
2:22 of 3rd period - Snap shot by Zigmund Palffy.
2:22 of 3rd period - Goal by Zigmund Palffy - Canucks : 5 - Kings : 3.
2:23 of 3rd period - Anze Kopitar wins face-off versus Jiri Hudler in neutral zone.
2:28 of 3rd period - Wrist shot by Anze Kopitar.
2:28 of 3rd period - Stopped by Jean-Sébastien Giguère without a rebound.
2:29 of 3rd period - Jiri Hudler wins face-off versus Anze Kopitar in Canucks zone.
2:54 of 3rd period - Snap shot by Guillaume Latendresse.
2:54 of 3rd period - Stopped by Jean-Sébastien Giguère without a rebound.
2:55 of 3rd period - Erik Christensen wins face-off versus Antti Miettinen in Canucks zone.
3:33 of 3rd period - Slapshot by Jaromir Jagr.
3:33 of 3rd period - Stopped by Mike Brodeur with a rebound.
4:31 of 3rd period - Snap shot by Peter Worrell.
4:31 of 3rd period - Shot Misses the Net.
4:33 of 3rd period - Snap shot by Peter Worrell.
4:33 of 3rd period - Shot Hit the Post.
4:35 of 3rd period - Slapshot by Chris Campoli.
4:35 of 3rd period - Shot Misses the Net.
5:09 of 3rd period - Brooks Orpik is hit by Patrick Kane and loses puck.
5:50 of 3rd period - Jonas Hoglund is hit by Jaromir Jagr and loses puck.
5:57 of 3rd period - Slapshot by Jay Bouwmeester.
5:57 of 3rd period - Stopped by Jean-Sébastien Giguère without a rebound.
5:58 of 3rd period - Rickard Wallin wins face-off versus Anze Kopitar in Canucks zone.
6:05 of 3rd period - Icing by Derek Boogaard.
6:06 of 3rd period - Jiri Hudler wins face-off versus Derek Boogaard in Kings zone.
6:14 of 3rd period - Minor Penalty to Chris Campoli for Slashing.
6:15 of 3rd period - Jaromir Jagr wins face-off versus Anze Kopitar in Canucks zone.
6:31 of 3rd period - Snap shot by Peter Worrell.
6:31 of 3rd period - Stopped by Mike Brodeur with a rebound.
6:49 of 3rd period - Slapshot by Derick Brassard.
6:49 of 3rd period - Deflect By Mark Streit.
6:49 of 3rd period - Shot Misses the Net.
6:49 of 3rd period - Puck is out of play.
6:50 of 3rd period - Jaromir Jagr wins face-off versus Anze Kopitar in Canucks zone.
7:12 of 3rd period - Minor Penalty to Danny Richmond for Interference.
7:13 of 3rd period - Anze Kopitar wins face-off versus Jaromir Jagr in Kings zone.
7:19 of 3rd period - Off-side.
7:20 of 3rd period - Jaromir Jagr wins face-off versus Anze Kopitar in neutral zone.
7:25 of 3rd period - Slapshot by Scott Niedermayer.
7:25 of 3rd period - Stopped by Mike Brodeur without a rebound.
7:26 of 3rd period - Anze Kopitar wins face-off versus Jaromir Jagr in Kings zone.
7:31 of 3rd period - Snap shot by Anze Kopitar.
7:31 of 3rd period - Shot Blocked by Scott Niedermayer.
7:33 of 3rd period - Wrist shot by Anze Kopitar.
7:33 of 3rd period - Shot Misses the Net.
7:35 of 3rd period - Wrist shot by Anze Kopitar.
7:35 of 3rd period - Shot Blocked by Jaromir Jagr.
7:37 of 3rd period - Slapshot by Sergei Gonchar.
7:37 of 3rd period - Stopped by Jean-Sébastien Giguère without a rebound.
7:38 of 3rd period - Anze Kopitar wins face-off versus Jaromir Jagr in Canucks zone.
8:14 of 3rd period - Penalty to Chris Campoli is over, Chris Campoli is back on ice.
8:25 of 3rd period - Wrist shot by Jonas Hoglund.
8:25 of 3rd period - Stopped by Jean-Sébastien Giguère without a rebound.
8:26 of 3rd period - Erik Christensen wins face-off versus Jason Arnott in Canucks zone.
8:40 of 3rd period - Wrist shot by Clarke MacArthur.
8:40 of 3rd period - Stopped by Mike Brodeur with a rebound.
9:12 of 3rd period - Penalty to Danny Richmond is over, Danny Richmond is back on ice.
9:17 of 3rd period - Off-side.
9:18 of 3rd period - Fabian Brunnstrom wins face-off versus Anze Kopitar in neutral zone.
9:43 of 3rd period - Brian McGrattan is hit by Mark Streit and loses puck.
9:52 of 3rd period - Mark Streit is hit by Randy Robitaille and loses puck.
13:13 of 3rd period - Wrist shot by Clarke MacArthur.
13:13 of 3rd period - Stopped by Mike Brodeur without a rebound.
13:14 of 3rd period - Jason Arnott wins face-off versus Erik Christensen in Kings zone.
14:22 of 3rd period - Jonas Hoglund is hit by Zigmund Palffy and loses puck.
15:45 of 3rd period - Minor Penalty to Guillaume Latendresse for Holding.
15:46 of 3rd period - Jiri Hudler wins face-off versus Jonas Hoglund in Kings zone.
15:49 of 3rd period - Snap shot by Jaromir Jagr.
15:49 of 3rd period - Stopped by Mike Brodeur with a rebound.
15:51 of 3rd period - Slapshot by Scott Niedermayer.
15:51 of 3rd period - Deflect By Jiri Hudler.
15:51 of 3rd period - Stopped by Mike Brodeur with a rebound.
15:53 of 3rd period - Wrist shot by Jiri Hudler.
15:53 of 3rd period - Shot Blocked by Jay Bouwmeester.
15:55 of 3rd period - Backhand shot by Scott Niedermayer.
15:55 of 3rd period - Stopped by Mike Brodeur with a rebound.
15:57 of 3rd period - Wrist shot by Jaromir Jagr.
15:57 of 3rd period - Goal by Jaromir Jagr - Canucks : 6 - Kings : 3.
15:58 of 3rd period - Jaromir Jagr wins face-off versus Anze Kopitar in neutral zone.
16:07 of 3rd period - Snap shot by Jaromir Jagr.
16:07 of 3rd period - Stopped by Mike Brodeur without a rebound.
16:08 of 3rd period - Jiri Hudler wins face-off versus Anze Kopitar in Kings zone.
16:13 of 3rd period - Wrist shot by Jiri Hudler.
16:13 of 3rd period - Stopped by Mike Brodeur without a rebound.
16:14 of 3rd period - Jiri Hudler wins face-off versus Derek Boogaard in Kings zone.
16:22 of 3rd period - Peter Worrell beats up Derek Boogaard.
16:22 of 3rd period - Penalty to Derek Boogaard for Fighting.
16:22 of 3rd period - Penalty to Peter Worrell for Fighting.
16:22 of 3rd period - Penalty to Derek Boogaard for instigated a fight.
16:22 of 3rd period - Penalty to Derek Boogaard for instigated a fight.
16:23 of 3rd period - Sheldon Keefe wins face-off versus Jason Arnott in Canucks zone.
16:50 of 3rd period - Mark Streit is hit by Jason Arnott and loses puck.
18:22 of 3rd period - Penalty to Derek Boogaard is over, Patrick Kane is send on ice.
18:28 of 3rd period - Backhand shot by Danny Richmond.
18:28 of 3rd period - Shot Misses the Net.
18:30 of 3rd period - Slapshot by Sergei Gonchar.
18:30 of 3rd period - Stopped by Jean-Sébastien Giguère without a rebound.
18:31 of 3rd period - Brad Richardson wins face-off versus Randy Robitaille in Canucks zone.
18:40 of 3rd period - Wrist shot by Fabian Brunnstrom.
18:40 of 3rd period - Stopped by Mike Brodeur without a rebound.
18:41 of 3rd period - Erik Christensen wins face-off versus Jason Arnott in Kings zone.
19:50 of 3rd period - Wrist shot by Erik Christensen.
19:50 of 3rd period - Shot Misses the Net.
Output by the SimonT Hockey Simulator (STHS) for François Prévost -- Original Page W3C XHTML 1.0 Valid